 Dungeon Crawl Stone Soup version 0.28-a0-850-g09de17f5b5 (webtiles) character file.

Game seed: 7910788866360881951

125 ders the Digger (level 5, -1/28 HPs)
             Began as a Gargoyle Earth Elementalist on Nov 13, 2021.
             Slain by a river rat (5 damage)
             ... in a sewer.
             The game lasted 00:03:51 (2786 turns).

ders the Digger (Gargoyle Earth Elementalist)       Turns: 2786, Time: 00:03:52

Health: -1/28      AC:  6    Str: 12    XL:     5   Next: 9%
Magic:  2/9        EV: 11    Int: 16    God:
Gold:   30         SH:  0    Dex: 10    Spells: 6/10 levels left

rFire   . . .      SeeInvis .   (no weapon)
rCold   . . .      Faith    .   (no shield)
rNeg    + . .      Spirit   .   b - +0 robe
rPois   ∞          Reflect  .   (no helmet)
rElec   +          Harm     .   (no cloak)
rCorr   .          Rampage  .   (no gloves)
Will    .....                   (no boots)
Stlth   ++........              (no amulet)
HPRegen 0.09/turn               (no ring)
MPRegen 0.11/turn               (no ring)

@: no status effects
A: sickness immunity, AC +4, negative energy resistance 1, electricity
resistance, torment resistance 1, petrification resistance
a: no special abilities


You were in a sewer.
You visited 1 branch of the dungeon, and saw 3 of its levels.
You also visited: Sewer.

You collected 30 gold pieces.

Inventory:

Armour
 b - a +0 robe (worn)
Jewellery
 d - a ring of resist corrosion
 f - an amulet of guardian spirit
Wands
 i - a wand of acid (9)
Scrolls
 j - a scroll of torment {unknown}


   Skills:
 - Level 1.5 Dodging
 - Level 2.1 Stealth
 + Level 3.0 Spellcasting
 * Level 2.1 Conjurations
 + Level 1.3 Transmutations
 + Level 4.9 Earth Magic


You had 6 spell levels left.
You knew the following spells:

 Your Spells              Type           Power      Damage    Failure   Level
a - Sandblast             Erth           36%        2d10      2%          1
b - Stone Arrow           Conj/Erth      26%        3d8       13%         3

Your spell library contained the following spells:

 Spells                   Type           Power      Damage    Failure   Level
 Passwall                 Tmut/Erth      10%        N/A       8%          2
 Petrify                  Tmut/Erth      12%        N/A       45%         4


Dungeon Overview and Level Annotations

Branches:
Dungeon (3/15)              Sewer (1/1)

Altars:


Innate Abilities, Weirdness & Mutations

You are immune to sickness and miasma.
Your stone body is resilient. (AC +4)
You are immune to poison.
You resist negative energy. (rN+)
You are resistant to electric shocks. (rElec)
You are resistant to unholy torment.
You are immune to petrification.


Message History

You hit the river rat but do no damage. The river rat bites you.
You barely miss the river rat.
Your hearing returns.
You hit the river rat but do no damage. The river rat misses you.
Casting: Stone Arrow (quite dangerous; 13% risk of failure)
Confirm with . or Enter, or press ? or * to list all spells.
You don't have any stones to cast with.
Casting: Sandblast (safe; 2% risk of failure)
Confirm with . or Enter, or press ? or * to list all spells.
You don't have any stones to cast with.
Casting: Sandblast (safe; 2% risk of failure)
Confirm with . or Enter, or press ? or * to list all spells.
The spell is quite dangerous to cast (13% risk of failure)!
Continue anyway?
Aiming: Stone Arrow (quite dangerous; 13% risk of failure)
Press: ? - help, Shift-Dir - straight line, f - river rat
Aim: a river rat (64% to hit)
The stone arrow hits the river rat.
The river rat is severely wounded.
The river rat bites you.
You hit the river rat but do no damage.
The river rat is severely wounded.
You feel yourself slow down.
You hit the river rat.
The river rat is almost dead.
The river rat bites you.
* * * LOW HITPOINT WARNING * * *
You hit the river rat but do no damage.
The river rat is almost dead.
The river rat closely misses you.
You hit the river rat but do no damage.
The river rat is almost dead.
The river rat closely misses you.
You closely miss the river rat.
The river rat is almost dead.
The river rat bites you.
* * * LOW HITPOINT WARNING * * *
There is a gate leading back out of this place here.
The river rat twitches its whiskers.
The river rat bites you.
You die... ############### #....∩r@††....≈ ###############

You could see a river rat.

Vanquished Creatures
  Natasha (D:3)
  3 adders
  A river rat (Sewer)
  A dart slug (D:1)
  4 endoplasms
  3 giant cockroaches
  4 goblins (D:1)
  9 hobgoblins
  A jackal (D:2)
  8 quokkas
  5 ball pythons
  4 bats (D:2)
  4 frilled lizards
  6 kobolds
  6 rats
60 creatures vanquished.

Vanquished Creatures (others)
  44 plants (D:2)
44 creatures vanquished.

Grand Total: 104 creatures vanquished

Notes
Turn   | Place    | Note
-------+----------+-------------------------------------------
     0 | D:1      | ders the Gargoyle Earth Elementalist began the quest for
                  | the Orb.
     0 | D:1      | Reached XP level 1. HP: 10/10 MP: 3/3
   377 | D:1      | Reached XP level 2. HP: 12/15 MP: 0/5
   483 | D:1      | Reached skill level 4 in Earth Magic
  1234 | D:1      | Reached XP level 3. HP: 18/19 MP: 3/6
  1238 | D:1      | Learned a level 3 spell: Stone Arrow
  2073 | D:2      | Reached skill level 1 in Conjurations
  2073 | D:2      | Reached skill level 1 in Transmutations
  2195 | D:2      | Reached XP level 4. HP: 24/24 MP: 6/8
  2612 | D:3      | Noticed Natasha
  2623 | D:3      | Killed Natasha
  2660 | D:3      | Found a glowing drain.
  2733 | Sewer    | Entered a sewer
  2737 | Sewer    | Reached XP level 5. HP: 23/28 MP: 1/9
  2786 | Sewer    | Slain by a river rat

Illustrated notes

Levels and vault maps discovered:
D:1:      dpeg_chamrin_arrival_tetris, layout_basic
D:2:      layout_basic, serial_bayou_lagoon_a, dk_noncrumbling_4,
          feat_on_display
D:3:      minmay_roachtagon, layout_loops_cross, marbit_many_paths,
          portal_sewer_entry_f, minmay_misc_feat_pillars, uniq_natasha
Sewer:    sewer_kobolds

Skill      XL: |  1  2  3  4 |
---------------+-------------+-----
Earth Magic    | 4 |  4.9
Conjurations   | 1 2 |  2.1
Transmutations | 1 |  1.3
Spellcasting   | 3 |  3.0
Dodging        | |  1.5
Stealth        | |  2.1

Action                   |  1- 3 |  4- 6 || total
-------------------------+-------+-------++-------
Melee: Unarmed           |     2 |    35 ||    37
 Cast: Sandblast         |    64 |    25 ||    89
       Stone Arrow       |       |     3 ||     3
  Use: Scroll            |       |     3 ||     3
       Potion            |       |     1 ||     1
Armor: Robe              |    11 |    12 ||    23
Dodge: Dodged            |    17 |    18 ||    35

Table legend: (Time is in decaauts)
 A = Elapsed time spent in this place.
 B = Non-inter-level travel time spent in this place.
 C = Inter-level travel time spent in this place.
 D = Time resting spent in this place.
 E = Time spent auto-exploring this place.
 F = Levels seen in this place.
 G = Mean time per level.
                   A        B        C        D        E       F      G
               +--------+--------+--------+--------+--------+-----+--------+
         Total |   2780 |   2743 |     37 |    934 |   1448 |   4 |  695.0 |
       Dungeon |   2740 |   2703 |     37 |    934 |   1448 |   3 |  913.3 |
         Sewer |     39 |     39 |      0 |      0 |      0 |   1 |   39.0 |
               +--------+--------+--------+--------+--------+-----+--------+

Top non-repeatable levels by time:
     D:1: 1429 daAuts
     D:2: 1140 daAuts
     D:3: 171 daAuts
   Sewer: 39 daAuts
